AoeStats
← Luo_ji22

Arabia

509563568Analyzed
2v2 RM · 5d ago on Sep 27, 2026· 40m 54s· 4 players
Game mode
Random Map
Map size
Medium (4 player)
Population
200
Speed
Normal
Resources
Standard
Victory
Conquest
Starting age
Dark Age
Ending age
Imperial Age
RankedLock teamsTeams togetherTeam positionsShared explorationLock speedFull tech treeHidden civsTurbo modeCheats
Victory
Defeat
🇺🇸 Cumans · United States
929
+19
🇺🇸 Persians · United States
925
+19
🇨🇭 Sicilians · Switzerland
1000
-59
🇨🇭 Maya · Switzerland
1000
-59
TBC Nation
10:49 Feudal Age
11:04 Horse Collar
11:11 Double-Bit Axe
20:27 Castle Age
20:45 Light Cavalry
22:32 Forging
23:08 Scale Mail Armor
23:14 Scale Barding Armor
23:22 Forging
28:32 Imperial Age
27:54 Chain Barding Armor
27:35 Scale Mail Armor
28:26 Bloodlines
28:17 Husbandry
28:26 Gold Mining
29:26 Wheelbarrow
29:13 Cavalier
37:51 Kamandaran
37:13 Crossbowman
38:45 Bow Saw
39:46 Thumb Ring
39:38 Fletching
Ardwen
5:50 Loom
10:49 Feudal Age
11:30 Horse Collar
11:41 Double-Bit Axe
12:51 Man-at-Arms
17:57 Scale Mail Armor
19:31 Forging
22:38 Arson
25:09 Castle Age
25:13 Long Swordsman
25:15 Capped Ram
25:56 Squires
26:14 Chain Mail Armor
34:11 Iron Casting
36:39 Scale Barding Armor
38:27 Chain Barding Armor
38:24 Bloodlines
Luo_ji22
7:05 Loom
9:52 Feudal Age
11:04 Double-Bit Axe
16:08 Wheelbarrow
15:34 Horse Collar
17:35 Scale Mail Armor
22:22 Castle Age
22:01 Arson
22:11 Gold Mining
23:25 Forging
23:08 Fletching
22:44 Crossbowman
23:34 Thumb Ring
24:30 Hand Cart
23:56 Pikeman
26:02 Squires
32:03 Bodkin Arrow
32:10 Padded Archer Armor
35:57 Eagle Warrior
37:44 Hul'che Javelineers
38:18 Ballistics
39:25 Iron Casting
39:06 Chain Mail Armor
39:21 Bow Saw
Herakles
7:53 Loom
10:52 Feudal Age
11:00 Feudal Age
17:39 Castle Age
18:24 Wheelbarrow
23:41 Scale Mail Armor
40:24 Light Cavalry
41:15 Bloodlines
Connection lost

Rejoining the realm…

Still unreachable

The connection could not be restored.

Session expired

The server has moved on; the page needs a fresh start.